 Dungeon Crawl Stone Soup version 0.32-a0-928-g1cae6b7ea0 (webtiles) character file.

Game seed: 11468612121416978996

8984 jasper the Skirmisher (level 11, -15/79 HPs)
             Began as a Coglin Hunter on Apr 12, 2024.
             Was a Believer of Okawaru.
             Demolished by a boulder beetle (17 damage)
             ... on level 10 of the Dungeon.
             The game lasted 00:15:19 (9553 turns).

jasper the Skirmisher (Coglin Hunter)               Turns: 9553, Time: 00:15:19

Health: -15/79     AC: 13    Str: 13    XL:     11   Next: 39%
Magic:  11/11      EV: 12    Int:  9    God:    Okawaru [**....]
Gold:   543        SH:  0    Dex: 20    Spells: 10/10 levels left

rFire   + . .        a - +3 sling {Imanvir}
rCold   + . .        d - +0 sling {Dave}
rNeg    . . .        e - +3 ring mail {rPois}
rPois   +            i - +1 helmet
rElec   .            D - scarf of the Sailor {rC+ rF+, rPois}
rCorr   .            w - +0 pair of gloves
SInv    .            l - +0 pair of boots
Will    .....        (amulet unavailable)
Stlth   +            (ring unavailable)
HPRegen 0.33/turn    (ring unavailable)
MPRegen 0.12/turn    (no gizmo)

%: no passive effects
@: invisible, revving
A: off-hand wielding, slow wielding, warmup strikes, no jewellery
a: Invent Gizmo, Renounce Religion, Heroism


You were on level 10 of the Dungeon.
You worshipped Okawaru.
Okawaru was pleased with you.
You visited 2 branches of the dungeon, and saw 12 of its levels.
You also visited: Sewer.

You collected 767 gold pieces.
You spent 224 gold pieces at shops.

Inventory:

Hand Weapons
 a - a +3 sling (weapon) {Imanvir}
 d - a +0 sling (offhand) {Dave}
Missiles
 g - 5 throwing nets
Armour
 c - a +0 leather armour
 e - a +3 ring mail of poison resistance (worn)
 h - a +0 cloak
 i - a +1 helmet (worn)
 l - a +0 pair of boots (worn)
 w - a +0 pair of gloves (worn)
 D - the scarf of the Sailor (worn) {rC+ rF+, rPois}
   (You acquired it on level 8 of the Dungeon)

   rPois:     It protects you from poison.
Wands
 o - a wand of roots (3)
 C - a wand of polymorph (2)
Scrolls
 b - 2 scrolls of butterflies
 f - 2 scrolls of enchant armour
 m - 4 scrolls of poison
 s - a scroll of amnesia
 u - 6 scrolls of teleportation
 y - 3 scrolls of enchant weapon
 z - a scroll of revelation
Potions
 j - 3 potions of curing
 k - 2 potions of mutation
 n - a potion of magic
 p - 4 potions of might
 q - 3 potions of resistance
 r - 2 potions of ambrosia
 t - a potion of brilliance
 v - a potion of enlightenment
 x - a potion of attraction
 A - a potion of invisibility
 B - a potion of haste {unknown}


   Skills:
 + Level 5.0 Fighting
 - Level 14.0 Ranged Weapons
 + Level 4.0 Armour
 + Level 4.5 Dodging
 - Level 0.7 Stealth
 + Level 5.9 Evocations


You had 10 spell levels left.
You didn't know any spells.
Your spell library contained the following spells:

 Spells                   Type           Power      Damage    Failure   Level
 Kiss of Death            Conj/Necr      0%         2d5       63%         1
 Slow                     Hex            0%         N/A       63%         1
 Confusing Touch          Hex            0%         N/A       94%         3
 Fugue of the Fallen      Necr           0%         N/A       94%         3
 Hailstorm                Conj/Ice       0%         3d5       94%         3
 Ozocubu's Armour         Ice            0%         N/A       94%         3
 Vampiric Draining        Necr           0%         2d6       94%         3
 Dispel Undead            Necr           0%         3d6       100%        4
 Leda's Liquefaction      Alch/Erth      0%         N/A       100%        4
 Petrify                  Alch/Erth      0%         N/A       100%        4
 Lee's Rapid Deconstruct  Erth           0%         3d4*      100%        5
 Metabolic Englaciation   Hex/Ice        0%         N/A       100%        5
 Permafrost Eruption      Ice/Erth       0%         2x4d1     100%        6
 Manifold Assault         Tloc           0%         N/A       100%        7
 Summon Ice Beast         Ice/Summ       Unusable   N/A       N/A         3
 Sculpt Simulacrum        Ice/Alch       Unusable   N/A       N/A         6

Dungeon Overview and Level Annotations

Branches:
Dungeon (11/15)            Temple (1/1) D:4             Orc (0/2) D:9
  Sewer (visited)
   Lair: D:8-11

Altars:
Ashenzari
Cheibriados
Dithmenos
Elyvilon
Fedhas
Gozag
Hepliaklqana
Kikubaaqudgha
Makhleb
Nemelex Xobeh
Okawaru
Qazlal
Ru
Sif Muna
Trog
Uskayaw
Vehumet
Wu Jian
Xom
Yredelemnul
Zin
The Shining One

Shops:
D:1 (   D:6 ?=[=

Annotations:
D:7 2 transporters, petzl's ghost, novice FoDe


Innate Abilities, Weirdness & Mutations

You can wield a second weapon in your off-hand.
It takes a long time for you to wield or remove held weapons.
Your first few attacks do less damage.
You cannot equip rings or amulets.


Message History

The sling bullet hits the boulder beetle.
The boulder beetle is heavily wounded.
You shoot a sling bullet.
The sling bullet hits the boulder beetle but does no damage.
The boulder beetle is heavily wounded.
A manticore comes into view.
Okay, then.
Okay, then.
A cyan ugly thing comes into view.
The cyan ugly thing moves out of view.
You see here 4 large rocks.
There is a stone staircase leading up here.
The boulder beetle closely misses you.
You climb upwards.
There is a stone staircase leading down here.
Aiming: Fastroot
Press: ? - help, Shift-Dir - straight line The roots erupt in riotous growth!
Roots grab the boulder beetle.
The grasping roots constrict the boulder beetle!
The boulder beetle closely misses you.
You shoot a sling bullet.
The sling bullet hits the boulder beetle but does no damage.
The boulder beetle is severely wounded.
You shoot a sling bullet.
The sling bullet hits the boulder beetle but does no damage.
The boulder beetle is severely wounded.
The grasping roots constrict the boulder beetle!
The boulder beetle bites you!
* * * LOW HITPOINT WARNING * * *
You take 9 damage, and have 2/79 hp.
You shoot a sling bullet.
The sling bullet hits the boulder beetle but does no damage.
The boulder beetle is severely wounded.
You shoot a sling bullet.
The sling bullet hits the boulder beetle but does no damage.
The boulder beetle is severely wounded.
The grasping roots constrict the boulder beetle!
The boulder beetle bites you!
You die...

##...#
#.......##
##..##
##.....##
##..## ##....##
##..#####.....#
##..##...##.##
#..รท....####
##..###...##
##..## ##..B###
#..## ###@..##
##.## ##...##
##..# ###..##
##..## ##..##
###..####
##..##
........##
##...####
##.......##
###.......#
..........##
##.........##
...........##
##...........#


You could see a boulder beetle (unable to see you, rooted).

Vanquished Creatures
  2 two-headed ogres
  A cyclops (D:11)
  A troll (D:9)
  Grinder (D:4)
  Sigmund (D:4)
  A wyvern (D:9)
  10 yaks
  2 humans (D:9)
  Menkaure (D:4)
  An acid dragon (D:10)
  A water moccasin (D:7)
  Duvessa (D:5)
  An ice beast (D:6)
  6 orc warriors
  2 sky beasts (D:7)
  A centaur (D:8)
  2 ogres
  3 kobold brigands
  3 bullfrogs (D:8)
  2 gnoll sergeants
  A scorpion (D:5)
  14 wights
  Dowan (D:5)
  9 killer bees
  5 howler monkeys
  A bombardier beetle (D:3)
  A crimson imp (D:7)
  3 hounds
  Crazy Yiuf (D:3)
  2 jellies
  10 orc priests
  2 gnoll boudas
  2 sleepcaps
  Ijyb (D:4)
  6 iguanas
  10 orc wizards
  Robin (D:2)
  22 gnolls
  A river rat (Sewer)
  20 adders
  A shadow imp (D:7)
  4 white imps
  7 dart slugs
  5 ribbon worms
  42 orcs
  8 bats
  6 endoplasms
  6 giant cockroaches
  12 goblins
  8 hobgoblins
  5 quokkas
  11 ball pythons
  A frilled lizard (D:1)
  17 kobolds
  5 rats
294 creatures vanquished.

Notes
Turn   | Place    | Note
-------+----------+-------------------------------------------
     0 | D:1      | jasper the Coglin Hunter began the quest for the Orb.
     0 | D:1      | Reached XP level 1. HP: 16/16 MP: 1/1
   107 | D:1      | Found Pauwkurr's Antique Weapon Emporium.
   269 | D:1      | Reached skill level 4 in Ranged Weapons
   269 | D:1      | Reached XP level 2. HP: 22/22 MP: 2/2
   751 | D:2      | Noticed Robin
   765 | D:2      | Reached XP level 3. HP: 27/27 MP: 3/3
   774 | D:2      | Killed Robin
   812 | D:2      | Identified the +10 scimitar "Conservator" {freeze, *Noise
                  | rElec Dex+6}
  1009 | D:2      | Reached skill level 5 in Ranged Weapons
  1009 | D:2      | Reached XP level 4. HP: 33/33 MP: 4/4
  1218 | D:2      | Reached XP level 5. HP: 38/38 MP: 5/5
  1690 | D:3      | Reached skill level 6 in Ranged Weapons
  1832 | D:3      | Found a glowing drain.
  1848 | D:3      | Reached XP level 6. HP: 32/44 MP: 6/6
  1853 | Sewer    | Entered a sewer
  2069 | Sewer    | Reached skill level 7 in Ranged Weapons
  2789 | D:3      | Found a runed translucent door.
  2790 | D:3      | Noticed Crazy Yiuf
  2811 | D:3      | Killed Crazy Yiuf
  2952 | D:4      | Reached XP level 7. HP: 50/50 MP: 7/7
  2971 | D:4      | Noticed Grinder
  2975 | D:4      | Noticed Sigmund
  2996 | D:4      | Killed Grinder
  2997 | D:4      | Reached skill level 8 in Ranged Weapons
  3018 | D:4      | Killed Sigmund
  3097 | D:4      | Reached XP level 8. HP: 56/56 MP: 8/8
  3103 | D:4      | Reached skill level 9 in Ranged Weapons
  3143 | D:4      | Found a staircase to the Ecumenical Temple.
  3170 | Temple   | Entered the Ecumenical Temple
  3388 | D:4      | Noticed Menkaure
  3393 | D:4      | Killed Menkaure
  3425 | D:4      | Noticed Ijyb
  3431 | D:4      | Killed Ijyb
  3592 | D:5      | Entered Level 5 of the Dungeon
  3627 | D:5      | Noticed Duvessa
  3639 | D:5      | Reached skill level 10 in Ranged Weapons
  3649 | D:5      | Killed Duvessa
  3964 | D:5      | Noticed Dowan
  3968 | D:5      | Killed Dowan
  4318 | D:6      | Found Nagoinenn's Magic Scroll Emporium.
  4326 | D:6      | Bought a scroll of enchant armour for 97 gold pieces
  4326 | D:6      | Bought 3 scrolls of identify for 78 gold pieces
  4341 | D:6      | Reached skill level 11 in Ranged Weapons
  4341 | D:6      | Reached XP level 9. HP: 61/61 MP: 9/9
  4555 | D:6      | Identified the +2 robe "Laylesoese" {-Tele +Inv rN++
                  | Slay+3}
  4559 | D:6      | Found Wutral's Jewellery Boutique.
  4696 | D:6      | Found Hodwim's Armour Emporium.
  4702 | D:6      | Bought a +0 pair of gloves for 49 gold pieces
  4947 | D:6      | Found Geed's Jewellery Emporium.
  5147 | D:7      | Found a burning altar of Makhleb.
  5177 | D:7      | Reached skill level 12 in Ranged Weapons
  5396 | D:7      | Noticed a two-headed ogre
  5397 | D:7      | Found a bloodstained altar of Trog.
  5397 | D:7      | Noticed a moth of wrath
  5397 | D:7      | Noticed petzl's ghost (novice FoDe)
  5895 | D:7      | Found a transporter.
  5898 | D:7      | Found a transporter.
  6084 | D:8      | Reached skill level 13 in Ranged Weapons
  6088 | D:8      | Reached XP level 10. HP: 66/67 MP: 10/10
  6404 | D:8      | Identified a scroll of acquirement
  6404 | D:8      | Acquired the scarf of the Sailor {rC+ rF+, rPois}
  7023 | D:9      | Reached skill level 14 in Ranged Weapons
  7087 | D:9      | Reached skill level 1 in Evocations
  7289 | D:9      | Reached skill level 1 in Armour
  7525 | D:9      | Found an iron altar of Okawaru.
  7557 | D:9      | Became a worshipper of Warmaster Okawaru
  8002 | D:9      | Reached * piety under Okawaru
  8170 | D:9      | Noticed a two-headed ogre
  8180 | D:9      | Killed a two-headed ogre
  8181 | D:9      | Reached XP level 11. HP: 51/76 MP: 11/11
  8392 | D:9      | Found a staircase to the Orcish Mines.
  8430 | D:10     | Entered Level 10 of the Dungeon
  8488 | D:10     | Reached ** piety under Okawaru
  8606 | D:10     | Reached skill level 5 in Evocations
  9266 | D:10     | Noticed a two-headed ogre
  9274 | D:10     | Killed a two-headed ogre
  9508 | D:11     | Noticed a cyclops
  9515 | D:11     | Killed a cyclops
  9518 | D:11     | Noticed a boulder beetle
  9525 | D:11     | Reached skill level 5 in Fighting
  9542 | D:11     | Noticed a manticore
  9544 | D:11     | Noticed a cyan ugly thing
  9552 | D:10     | HP: 2/79 [boulder beetle (10)]
  9553 | D:10     | Demolished by a boulder beetle

Illustrated notes

Levels and vault maps discovered:
D:1:      evilmike_arrival_hilbert_curve, layout_loops_ring, serial_shops,
          shop_fountains, corexii_leaking_fountain
D:2:      minmay_spotlight, layout_loops_ring, minmay_snake_closets, uniq_robin
D:3:      layout_basic, gup_sewer_entry_glass, due_unseen_surprise,
          uniq_crazy_yiuf_cottage
D:4:      layout_rooms, temple_statues, minmay_increasing_density,
          uniq_menkaure, uniq_ijyb, uniq_sigmund, uniq_grinder
D:5:      layout_rooms, uniq_duvessa
D:6:      layout_loops_ring, serial_shops, nicolae_shop_pleasant_corner_grove,
          nicolae_shop_hallway_plus, shop, shop
D:7:      layout_cave_pools, makhleb_grotto_becter,
          gammafunk_ghost_wrathful_warriors, hangedman_decor_riveting,
          glass_columns_c, dk_noncrumbling_3, minmay_bent
D:8:      layout_cave_pools
D:9:      layout_stronghold, okawaru_humans, david_orc_4
D:10:     layout_cave_pods
D:11:     nicolae_BIG_FREAKIN_CUBE, layout_basic, gauntlet_entry_generic,
          serial_bayou_lagoon_a
Temple:   mainiacjoe_temple_cubbyholes

Skill      XL: |  1  2  3  4  5  6  7  8  9 10 11 |
---------------+----------------------------------+-----
Ranged Weapons | 4 5 6 7 8 11 13 14 | 14.0
Dodging        | 3 4 |  4.5
Evocations     | 4 5 |  5.9
Armour         | 2 4 |  4.0
Fighting       | 3 5 |  5.0
Stealth        | |  0.7

Action                     |  1- 3 |  4- 6 |  7- 9 | 10-12 || total
---------------------------+-------+-------+-------+-------++-------
  Melee: Sling             |       |     2 |       |       ||     2
   Fire: Sling             |   120 |   392 |   868 |   828 ||  2208
  Evoke: Wand              |       |       |       |     2 ||     2
    Use: Scroll            |       |     9 |     7 |     5 ||    21
         Potion            |       |     1 |     4 |     1 ||     6
 Armour: Leather armour    |     5 |    44 |       |       ||    49
         Skin              |       |    11 |       |       ||    11
         Ring mail         |       |     4 |   118 |   143 ||   265
  Dodge: Dodged            |     7 |    43 |    65 |    84 ||   199

Table legend: (Time is in decaauts)
 A = Elapsed time spent in this place.
 B = Non-inter-level travel time spent in this place.
 C = Inter-level travel time spent in this place.
 D = Time resting spent in this place.
 E = Time spent auto-exploring this place.
 F = Levels seen in this place.
 G = Mean time per level.
                   A        B        C        D        E       F      G
               +--------+--------+--------+--------+--------+-----+--------+
         Total |   9558 |   9282 |    276 |    716 |   6920 |  13 |  735.2 |
       Dungeon |   8971 |   8695 |    276 |    562 |   6599 |  11 |  815.5 |
        Temple |      1 |      1 |      0 |      0 |      0 |   1 |    1.0 |
         Sewer |    585 |    585 |      0 |    154 |    321 |   1 |  585.0 |
               +--------+--------+--------+--------+--------+-----+--------+

Top non-repeatable levels by time:
     D:9: 1614 daAuts
     D:7: 1223 daAuts
    D:10: 1059 daAuts
     D:2: 907 daAuts
     D:3: 838 daAuts
     D:6: 784 daAuts
     D:1: 703 daAuts
     D:5: 681 daAuts
     D:4: 651 daAuts
   Sewer: 585 daAuts
     D:8: 469 daAuts
    D:11: 38 daAuts
  Temple: 1 daAuts
